 Dungeon Crawl Stone Soup version 0.27.0-1-g7a089689b8 (webtiles) character file.

Game seed: 3826578626739916047

137 SirRamESQ the Skirmisher (level 5, -1/47 HPs)
             Began as a Hill Orc Fighter on Aug 8, 2021.
             Slain by a gnoll (2 damage)
             ... on level 2 of the Dungeon.
             The game lasted 00:11:42 (1960 turns).

SirRamESQ the Skirmisher (Hill Orc Fighter)         Turns: 1960, Time: 00:11:42

Health: -1/47      AC:  7    Str: 20    XL:     5   Next: 20%
Magic:  5/5        EV:  7    Int: 14    God:
Gold:   63         SH:  9    Dex: 10    Spells: 4/4 levels left

rFire    . . .     SeeInvis .   a - +0 war axe
rCold    . . .     Faith    .   c - +0 kite shield
rNeg     . . .     Spirit   .   b - +0 scale mail
rPois    .         Reflect  .   (no helmet)
rElec    .         Harm     .   (no cloak)
rCorr    .         Rampage  .   (no gloves)
Will     .....                  (no boots)
Stlth    ..........             (no amulet)
HPRegen  0.15/turn              i - +6 ring of intelligence
MPRegen  0.09/turn              (no ring)

@: no status effects
A: no striking features
a: no special abilities


You were on level 2 of the Dungeon.
You visited 1 branch of the dungeon, and saw 2 of its levels.

You collected 63 gold pieces.

Inventory:

Hand Weapons
 a - a +0 war axe (weapon)
Missiles
 f - 16 sling bullets
Armour
 b - a +0 scale mail (worn)
 c - a +0 kite shield (worn)
Jewellery
 i - a +6 ring of intelligence (left hand)
Scrolls
 g - 2 scrolls of identify {unknown}
 k - a scroll of amnesia {unknown}
 l - a scroll of blinking {unknown}
Potions
 d - 2 potions of brilliance {unknown}
 e - a potion of heal wounds {unknown}
 h - a potion of degeneration {unknown}
 j - a potion of berserk rage {unknown}
 m - a potion of cancellation {unknown}


   Skills:
 + Level 4.6 Fighting
 + Level 4.1 Axes
 + Level 4.2 Armour
 + Level 4.2 Shields


You had 4 spell levels left.
You didn't know any spells.
Your spell library was empty.

Dungeon Overview and Level Annotations

Branches:
Dungeon (2/15)

Altars:


Message History

There is a stone staircase leading down here.
You start resting.
HP restored.
You climb downwards.
The gnoll shaman barely misses you.
The gnoll shaman calls upon its god to speed up the gnoll.
The gnoll seems to speed up.
There is a stone staircase leading up here.
You barely miss the gnoll shaman. You block the gnoll's attack.
You block the gnoll shaman's attack.
The gnoll hits you from afar with a +0 spear.
You hit the gnoll shaman.
The gnoll shaman is moderately wounded.
The gnoll hits you from afar with a +0 spear.
The gnoll shaman calls down the wrath of its god upon you.
You resist with some effort.
The gnoll hits you from afar with a +0 spear.
The gnoll shaman hits you with a +0 whip.
You barely miss the gnoll shaman.
The gnoll shaman is lightly wounded.
You slash the gnoll!
The gnoll hits you from afar with a +0 spear.
The gnoll shaman hits you but does no damage.
The gnoll hits you from afar with a +0 spear.
The gnoll hits you with a +0 club.
You hit the gnoll shaman but do no damage.
The gnoll shaman is lightly wounded.
You hit the gnoll.
The gnoll hits you from afar with a +0 spear.
The gnoll shaman barely misses you. The gnoll hits you with a +0 club!
* * * LOW HITPOINT WARNING * * *
The gnoll hits you from afar with a +0 spear.
* * * LOW HITPOINT WARNING * * *
You block the gnoll shaman's attack. The gnoll barely misses you.
The gnoll hits you from afar with a +0 spear.
* * * LOW HITPOINT WARNING * * *
You barely miss the gnoll shaman.
The gnoll shaman is lightly wounded.
You closely miss the gnoll. The gnoll hits you but does no damage.
You block the gnoll shaman's attack. The gnoll hits you with a +0 club.
You die...

.'.....+ ... ##.....#
#. #.# .####### #.# #.#
...# #)# #.# ...# #.#
#g# ...# #.#######.#
.### #.#.......#
.############.#g####..#
...............)@gg...#
#############.#.####.##
#############.#.# #.#
..............#.# #.#
###############.# #.#
................# #.#
################# #.#
#.#


You could see a gnoll shaman and 2 gnolls.

Vanquished Creatures
  Jessica (D:2)
  Natasha (thrice) (D:2)
  A gnoll (D:2)
  A dart slug (D:2)
  3 bats
  2 hobgoblins
  3 kobolds
  A quokka (D:2)
  6 ball pythons
  5 frilled lizards
  2 goblins (D:1)
  4 rats
32 creatures vanquished.

Vanquished Creatures (others)
  14 plants
14 creatures vanquished.

Grand Total: 46 creatures vanquished

Notes
Turn   | Place    | Note
-------+----------+-------------------------------------------
     0 | D:1      | SirRamESQ the Hill Orc Fighter began the quest for the Orb.
     0 | D:1      | Reached XP level 1. HP: 19/19 MP: 1/1
   387 | D:1      | Reached XP level 2. HP: 27/27 MP: 2/2
   455 | D:1      | Found a faded altar of an unknown god.
   789 | D:2      | Noticed Natasha
   792 | D:2      | Noticed a crimson imp
   806 | D:2      | Noticed a crimson imp
   810 | D:2      | Killed Natasha
   811 | D:2      | Reached XP level 3. HP: 5/33 MP: 3/3
   857 | D:2      | Noticed Natasha
   870 | D:2      | Killed Natasha
   871 | D:2      | Reached XP level 4. HP: 8/40 MP: 4/4
  1280 | D:2      | Noticed Natasha
  1293 | D:2      | Killed Natasha
  1421 | D:2      | Noticed Jessica
  1425 | D:2      | Killed Jessica
  1426 | D:2      | Reached XP level 5. HP: 47/47 MP: 5/5
  1652 | D:2      | HP: 1/47 [gnoll (3)]
  1959 | D:2      | HP: 1/47 [gnoll (4)]
  1960 | D:2      | Slain by a gnoll

Illustrated notes

Levels and vault maps discovered:
D:1:      ebering_trefoil_3fold, layout_basic, ebering_ecumenical_altar_rust,
          serial_bayou_pond_d, roderic_roman_lattice
D:2:      layout_basic, serial_bayou_pond_a, uniq_natasha, uniq_jessica

Skill      XL: |  1  2  3  4 |
---------------+-------------+-----
Axes           | 3 4 |  4.1
Fighting       | 4 |  4.6
Armour         | 4 |  4.2
Shields        | 4 |  4.2

Action                   |  1- 3 |  4- 6 || total
-------------------------+-------+-------++-------
Melee: War axe           |    98 |    49 ||   147
  Use: Potion            |     1 |       ||     1
Armor: Scale mail        |    44 |    15 ||    59
Dodge: Dodged            |    27 |    18 ||    45
Block: Kite shield       |    32 |    32 ||    64
